 Dungeon Crawl Stone Soup version 0.30.1-11-g7821555f0a (webtiles) character file.

Game seed: 3511411515209950489

264362 Destinykillz the Brawler (level 19, -6/195 HPs)
             Began as a Troll Fighter on Dec 27, 2023.
             Was a High Priest of the Shining One.
             Shot with an arrow by a centaur warrior (11 damage)
             ... on level 1 of the Vaults.
             The game lasted 02:41:08 (34572 turns).

Destinykillz the Brawler (Troll Fighter)           Turns: 34572, Time: 02:41:09

Health: -6/195     AC: 11    Str: 29    XL:     19   Next: 27%
Magic:  35/35      EV: 12    Int:  5    God:    the Shining One [*****.]
Gold:   1153       SH: 18    Dex:  9    Spells: 22/28 levels left

rFire   + +          .
                       - Unarmed
rCold   . . .        b - +0 kite shield
rNeg    + + .        I - quicksilver dragon scales of Boredom {Rampage *Corrode rF++ Will+ Regen+ Int-5}
rPois   +            c - +0 hat
rElec   .            h - +2 cloak
rCorr   .            (gloves unavailable)
SInv    .            (boots unavailable)
Will    ++...        M - amulet of reflection Stlth
                     Q - ring of the Octopus King {HP+2 MP+9 AC+2 EV+2 SH+2}
HPRegen 2.12/turn    i - ring of poison resistance
MPRegen 0.24/turn

%: corrode self (3%), reflection, rampage
@: marked, corroded, glowing, studying Conjurations
A: large, unfitting armour, claws 3, regeneration 1, shaggy fur 1, tough skin 1,
horns 1, passive freeze
}: 2/15 runes: decaying, gossamer
a: Renounce Religion, Divine Shield, Cleansing Flame, Summon Divine Warrior


You were on level 1 of the Vaults.
You worshipped the Shining One.
The Shining One was extremely pleased with you.
You visited 8 branches of the dungeon, and saw 34 of its levels.
You visited 1 bazaar.
You also visited: Bailey and Gauntlet.

You collected 3972 gold pieces.
You spent 2819 gold pieces at shops.

Inventory:

Hand Weapons
 l - a +6 trident of freezing
 D - a +2 demon blade of flaming
 P - a +3 antimagic trident
 V - the +3 mace of Sudden Death {elec, Will+++ Str+2 Int-4 SInv}
   (You found it on level 2 of the Spider Nest)

   Str:       It affects your strength (+2).
   Int:       It affects your intelligence (-4).
   SInv:      It lets you see invisible.
   Will:      It greatly increases your willpower.
Missiles
 s - 37 large rocks (quivered)
Armour
 a - +0 steam dragon scales
 b - a +0 kite shield (worn)
 c - a +0 hat (worn)
 h - a +2 cloak (worn)
 t - the +1 faerie dragon scales {rC- Regen+ rCorr Str+7}
   (You took it off the Enchantress on level 15 of the Dungeon)

   Str:       It affects your strength (+7).
   rC:        It makes you vulnerable to cold.
   Regen:     It increases your rate of health regeneration.
   rCorr:     It protects you from acid and corrosion.
 y - +0 acid dragon scales
 E - a +0 tower shield
 I - the quicksilver dragon scales of Boredom (worn) {Rampage *Corrode rF++ Will+ Regen+ Int-5}
   (You found it in a bailey)

   Int:       It affects your intelligence (-5).
   rF:        It greatly protects you from fire.
   Regen:     It increases your rate of health regeneration.
   *Corrode:  It may corrode you when you take damage.
   Rampage:   It bestows one free step when moving towards enemies.
   Will:      It increases your willpower.
 L - +0 fire dragon scales
Magical Staves
 u - a staff of cold
Jewellery
 e - a +4 ring of protection
 i - a ring of poison resistance (right claw)
 w - a ring of protection from cold
 M - an amulet of reflection (around neck)
 Q - a ring of the Octopus King (left claw) {HP+2 MP+9 AC+2 EV+2 SH+2}
   (You found it in a Gauntlet)

   [ring of magical power]

   AC:        It affects your AC (+2).
   EV:        It affects your evasion (+2).
   HP:        It affects your health (+2).
   MP:        It affects your magic capacity (+9).
   SH:        It affects your SH (+2).
 R - a ring of resist corrosion
 W - a ring of protection from fire
Wands
 d - a wand of polymorph (5)
 n - a wand of digging (5)
 v - a wand of charming (24)
 G - a wand of flame (61)
 J - a wand of mindburst (26)
 K - a wand of iceblast (17)
 Y - a wand of quicksilver (14)
Scrolls
 m - 2 scrolls of enchant armour
 o - 3 scrolls of teleportation
 F - 3 scrolls of fear
 H - a scroll of summoning
 N - 12 scrolls of identify
 O - 5 scrolls of amnesia
 S - a scroll of acquirement
 T - 5 scrolls of fog
Potions
 f - 3 potions of flight
 g - 4 potions of magic
 j - 5 potions of curing
 k - 3 potions of resistance
 p - 2 potions of attraction
 q - 5 potions of brilliance
 r - 11 potions of ambrosia
 x - a potion of might
 z - 6 potions of mutation
 A - 7 potions of lignification
 B - 5 potions of haste
 U - a potion of berserk rage


   Skills:
 + Level 13.0 Fighting
 - Level 10.0 Throwing
 - Level 7.0 Armour
 - Level 6.0 Dodging
 * Level 12.5 Shields
 + Level 15.2 Unarmed Combat
 - Level 5.3 Spellcasting
 + Level 6.0 Summonings
 - Level 9.0 Translocations
 + Level 5.6 Air Magic
 - Level 10.0 Invocations


You had 22 spell levels left.
You knew the following spells:

 Your Spells              Type           Power      Damage    Failure   Level
a - Blink                 Tloc           20%        N/A       2%          2
b - Summon Lightning Spi  Summ/Air       7%         N/A       50%         4

Your spell library contained the following spells:

 Spells                   Type           Power      Damage    Failure   Level
 Lesser Beckoning         Tloc           20%        N/A       2%          2
 Call Imp                 Summ           14%        N/A       9%          2
 Momentum Strike          Conj/Tloc      10%        3d8       16%         2
 Passage of Golubria      Tloc           10%        N/A       16%         4
 Swiftness                Air            6%         N/A       19%         3
 Shock                    Conj/Air       16%        1d4       21%         1
 Static Discharge         Conj/Air       8%         2-3/arc   30%         2
 Volatile Blastmotes      Fire/Tloc      10%        2d10      30%         3
 Freeze                   Ice            4%         1d3       54%         1
 Magic Dart               Conj           4%         1d3       54%         1
 Sandblast                Erth           2%         2d4       54%         1
 Airstrike                Air            3%         2d(1-17)  54%         4
 Mephitic Cloud           Conj/Pois/Air  3%         N/A       65%         3
 Passwall                 Tmut/Erth      0%         N/A       67%         2
 Iskenderun's Mystic Bla  Conj/Tloc      5%         2d3       69%         4
 Dazzling Flash           Conj/Hex       2%         N/A       88%         3
 Frozen Ramparts          Ice            2%         1d1       88%         3
 Hailstorm                Conj/Ice       1%         3d3       88%         3
 Inner Flame              Hex/Fire       1%         N/A       88%         3
 Ozocubu's Armour         Ice            1%         N/A       88%         3
 Flame Wave               Conj/Fire      1%         2d4       99%         4
 Fulminant Prism          Conj/Hex       0%         3d5       99%         4
 Ice Form                 Ice/Tmut       1%         N/A       99%         4
 Leda's Liquefaction      Hex/Erth       0%         N/A       99%         4
 Sticky Flame             Conj/Fire      1%         2d3       99%         4
 Silence                  Hex/Air        2%         N/A       99%         5
 Agony                    Necr           1%         N/A       100%        5
 Lee's Rapid Deconstruct  Erth           0%         3d4*      100%        5
 Metabolic Englaciation   Hex/Ice        0%         N/A       100%        5
 Yara's Violent Unravell  Hex/Tmut       0%         3d3       100%        5
 Iron Shot                Conj/Erth      0%         9d1       100%        6
 Simulacrum               Ice/Necr       0%         N/A       100%        6
 Statue Form              Tmut/Erth      0%         N/A       100%        6
 Enfeeble                 Hex            0%         N/A       100%        7
 Lehudib's Crystal Spear  Conj/Erth      0%         10d2      100%        8


Dungeon Overview and Level Annotations

Branches:
Dungeon (15/15)            Temple (1/1) D:6            Lair (5/5) D:10
  Swamp (4/4) Lair:2       Spider (4/4) Lair:2        Slime (0/5) Lair:5
    Orc (2/2) D:9             Elf (0/3) Orc:2        Vaults (1/5) D:14
 Depths (2/4) D:15         Bailey (visited)         Gauntlet (visited)

Altars:
Ashenzari
Cheibriados
Dithmenos
Fedhas
Gozag
Hepliaklqana
Kikubaaqudgha
Makhleb
Nemelex Xobeh
Okawaru
Qazlal
Sif Muna
Trog
Uskayaw
Wu Jian
Xom
Yredelemnul
Zin
The Shining One
Jiyva

Shops:
D:5 (   D:10 (   D:13 (   Orc:1 ?   Orc:2 (*![   Depths:1 *=*=

Portals:
Hell: Depths:1

Annotations:
Lair:3 exclusion: oklob plant
Lair:5 exclusion: oklob plant
Swamp:1 2 transporters, Jingleheimer's ghost, adept OpTm


Innate Abilities, Weirdness & Mutations

You are too large for most types of armour.
You have claws for hands.
Your natural rate of healing is unusually fast.
You are covered in fur. (AC +1)
You have tough skin. (AC +1)
You have a pair of small horns on your head.
A frigid envelope surrounds you and freezes all who hurt you.


Message History

The centaur warrior shoots an arrow.
The arrow hits you!
* * * LOW HITPOINT WARNING * * *
The centaur warrior shoots an arrow.
You block the arrow with an invisible shield... and reflect it back!
The arrow hits the centaur warrior!
The centaur warrior shoots an arrow.
You block the arrow with an invisible shield... and reflect it back!
The arrow hits the centaur warrior!
The centaur warrior shoots an arrow.
The arrow hits you.
* * * LOW HITPOINT WARNING * * *
The centaur warrior shoots an arrow.
The arrow hits you.
* * * LOW HITPOINT WARNING * * *
The centaur warrior shoots an arrow.
You block the arrow with an invisible shield... and reflect it back!
The arrow hits the centaur warrior!!
The centaur warrior shoots an arrow.
You block the arrow with an invisible shield... and reflect it back!
The arrow hits the centaur warrior!
The centaur warrior shoots an arrow.
You block the arrow with an invisible shield... and reflect it back!
The arrow hits the centaur warrior!!
You kill the centaur warrior!
The centaur warrior shoots an arrow.
You block the arrow with an invisible shield... and reflect it back!
The arrow hits the centaur warrior!!
The centaur warrior shoots an arrow.
The arrow hits you.
* * * LOW HITPOINT WARNING * * *
There is an open door, spattered with blood here.
You close the door.
A centaur warrior breaks down the door.
The centaur warrior shoots an arrow.
The arrow hits you!
* * * LOW HITPOINT WARNING * * *
The centaur warrior shoots an arrow.
The arrow hits you!!
* * * LOW HITPOINT WARNING * * *
The centaur warrior shoots an arrow.
The arrow hits you!
* * * LOW HITPOINT WARNING * * *
The centaur warrior shoots an arrow.
You block the arrow with an invisible shield... and reflect it back!
The arrow hits the centaur warrior!
You kill the centaur warrior!
The centaur warrior shoots an arrow.
The arrow hits you!
You die...

#.......#
#...#...#
#.......#
#######'###
##...##
#.....#
###.....###
##.........##
#....#@#....+
#...........#
#....#.#....#
##.........##
###....)###
#.^...#
##.).##
###c##
#.cc.###


You could see a centaur warrior.

Vanquished Creatures
  Mara (Swamp:4)
  the Enchantress (D:15)
  A lich (Depths:1)
  2 tentacled monstrosities (Swamp:3)
  A thorn hunter (Swamp:3)
  Kirke (Lair:4)
  Donald (Swamp:3)
  Roxanne (Spider:3)
  A fenstrider witch (Swamp:1)
  4 emperor scorpions
  2 ghost moths (Spider:4)
  An orc warlord (D:9)
  2 spriggan defenders (Depths:1)
  2 ironbound preservers
  9 very ugly things
  4 broodmothers
  4 stone giants
  3 eleionomae
  5 spark wasps
  A vampire knight (D:15)
  A minotaur (Gauntlet)
  Azrael (D:14)
  5 bunyips
  3 ettins
  A yaktaur captain (Vaults:1)
  4 entropy weavers
  2 fire dragons (Depths:1)
  14 hydras
  2 ice dragons
  12 centaur warriors
  A catoblepas (Gauntlet)
  A spriggan air mage (Depths:1)
  An ogre mage (D:15)
  4 boulder beetles
  4 radroaches (Spider:2)
  5 two-headed ogres (D:15)
  A vampire mage (D:14)
  10 death yaks
  11 alligators
  3 orc high priests
  A deep troll earth mage (Depths:1)
  2 spriggan berserkers
  7 hell knights
  Sonja (D:12)
  An iron troll (Depths:2)
  5 goliath frogs
  4 pharaoh ants
  3 skeletal warriors
  5 orb spiders
  A sun moth (Spider:4)
  A deep troll (Vaults:1)
  2 spectral hydras (Swamp:4)
  5 steelbarb worms
  An ironbound convoker (Vaults:1)
  3 bog bodies
  A swamp dragon (Swamp:4)
  A harpy (Vaults:1)
  An iron dragon zombie (D:15)
  16 wolf spiders
  A deep elf pyromancer (D:15)
  A necromancer (D:15)
  8 orc knights
  A deep elf zephyrmancer (Bailey)
  A wolf spider zombie (D:14)
  A frost giant zombie (D:15)
  13 ugly things
  4 orc sorcerers
  2 manticores
  A stone giant zombie (D:15)
  A shining eye (Gauntlet)
  4 cyclopes
  5 will-o-the-wisps
  A guardian serpent (Lair:5)
  7 elephants
  8 black mambas
  A stone giant skeleton (D:15)
  9 centaur zombies (D:14)
  2 moths of wrath
  2 vault sentinels (Vaults:1)
  15 demonic crawlers
  2 gargoyles (Gauntlet)
  3 unseen horrors
  3 torpor snails
  9 cane toads
  A molten gargoyle (Gauntlet)
  3 efreet
  A rime drake (Lair:3)
  4 komodo dragons
  2 tengu conjurers (D:14)
  7 trolls
  2 polar bears (Lair:3)
  A merfolk (shapeshifter) (Depths:1)
  A bloated husk (Swamp:3)
  3 meliai (Spider:1)
  13 tyrant leeches
  12 hornets
  15 blink frogs
  19 tarantellas
  2 alligator zombies (Swamp:4)
  4 dream sheep (Lair:3)
  A centaur simulacrum (D:14)
  19 jumping spiders
  9 spriggans
  17 culicivoras
  12 wyverns
  14 slime creatures
  A wraith (D:12)
  A shadow (D:12)
  46 yaks
  3 basilisks
  A golden eye (Gauntlet)
  A hog (Lair:4)
  41 redbacks
  3 fire elementals (D:14)
  2 steam dragons
  18 vampire mosquitoes
  2 wargs
  3 acid dragons
  10 swamp worms
  3 hell hounds (D:14)
  13 water moccasins
  2 swamp drakes (Swamp:1)
  26 orc warriors
  An ice beast (D:8)
  A hornet zombie (D:14)
  4 black bears
  9 wolves
  8 ogres
  2 swamp dragon zombies (Swamp:4)
  14 centaurs
  2 phantoms
  2 kobold brigands
  7 bullfrogs
  3 gnoll sergeants
  A necrophage (Swamp:4)
  4 scorpions
  3 wights (D:6)
  A hornet simulacrum (D:13)
  8 killer bees
  4 howler monkeys
  2 electric eels
  3 jellies
  A gnoll bouda (D:7)
  5 hounds
  18 orc priests
  2 sleepcaps (D:6)
  Crazy Yiuf (D:7)
  24 orc wizards
  A boggart zombie (D:14)
  An iguana (D:4)
  14 gnolls
  5 adders
  A shadow imp (D:6)
  A white imp (D:7)
  3 ufetubi
  2 worms
  3 dart slugs
  95 orcs
  9 ball pythons
  8 bats
  2 endoplasms
  A giant cockroach (D:3)
  7 goblins
  5 hobgoblins
  A jackal (D:1)
  13 kobolds
  6 quokkas
  3 frilled lizards
  5 rats
953 creatures vanquished.

Vanquished Creatures (collateral kills)
  A bone dragon (Swamp:4)
  Arachne (Spider:3)
  An emperor scorpion (Spider:4)
  Louise (Spider:3)
  A spriggan defender (Depths:1)
  Aizul (Spider:3)
  3 ghouls (Swamp:4)
  6 bunyips (Swamp:1)
  2 hydras
  A jorogumo (Spider:3)
  2 alligators
  A ghost crab (Swamp:4)
  A pharaoh ant (Spider:3)
  A spriggan druid (Swamp:4)
  A swamp dragon (Swamp:1)
  A death drake (Swamp:4)
  3 bog bodies (Swamp:4)
  A spectral hydra (Swamp:4)
  2 phantasmal warriors (Swamp:4)
  A will-o-the-wisp (Swamp:4)
  A moth of wrath (Spider:3)
  6 wolf spiders (Spider:3)
  A demonic crawler (Spider:3)
  A torpor snail (Spider:3)
  4 swamp worm zombies (Swamp:4)
  A komodo dragon (Lair:2)
  2 hydra zombies (Swamp:4)
  A polar bear (Lair:2)
  3 hornets
  3 tyrant leeches (Swamp:4)
  4 blink frogs (Lair:2)
  An alligator zombie (Swamp:4)
  2 spectral swamp dragons (Swamp:4)
  3 jumping spiders (Spider:3)
  4 spriggans
  A culicivora (Spider:3)
  2 redbacks (Spider:3)
  4 swamp worms
  3 swamp dragon zombies (Swamp:4)
  2 phantoms (Swamp:4)
  A spectral swamp drake (Swamp:4)
  2 swamp drake zombies (Swamp:4)
84 creatures vanquished.

Vanquished Creatures (others)
  Nessos (D:12)
  4 bloated husks
  A tyrant leech (Swamp:1)
  A centaur simulacrum (D:14)
  A vampire mosquito (D:13)
  A swamp worm (Swamp:3)
  5 phantoms (Swamp:4)
  A hobgoblin (D:4)
  A jackal (D:1)
  A kobold (D:11)
  29 foxfires
46 creatures vanquished.

Grand Total: 1083 creatures vanquished

Notes
Turn   | Place    | Note
-------+----------+-------------------------------------------
     0 | D:1      | Destinykillz the Troll Fighter began the quest for the Orb.
     0 | D:1      | Reached XP level 1. HP: 22/22 MP: 0/0
   209 | D:1      | Reached XP level 2. HP: 27/29 MP: 1/1
   927 | D:2      | Reached XP level 3. HP: 30/36 MP: 2/2
  1017 | D:2      | Found a shadowy altar of Dithmenos.
  1070 | D:2      | Found a faded altar of an unknown god.
  1708 | D:3      | Reached XP level 4. HP: 43/44 MP: 3/3
  3022 | D:4      | Reached XP level 5. HP: 52/52 MP: 4/4
  3144 | D:4      | Found a broken altar of Ashenzari.
  3330 | D:4      | Noticed a black bear
  3342 | D:4      | Killed a black bear
  3343 | D:4      | Reached skill level 3 in Unarmed Combat
  3351 | D:4      | Learned a level 2 spell: Blink
  3588 | D:4      | Reached XP level 6. HP: 42/61 MP: 5/5
  3728 | D:5      | Entered Level 5 of the Dungeon
  3771 | D:5      | Found a hazy altar of Hepliaklqana.
  3914 | D:5      | Reached XP level 7. HP: 67/67 MP: 6/6
  3979 | D:5      | Found a shimmering altar of Xom.
  4318 | D:5      | Reached skill level 5 in Shields
  4341 | D:5      | Found Gykih's Antique Weapon Shop.
  4443 | D:5      | Reached skill level 4 in Unarmed Combat
  4683 | D:6      | Found a staircase to the Ecumenical Temple.
  4692 | Temple   | Entered the Ecumenical Temple
  4698 | Temple   | Became a worshipper of the Shining One
  4747 | D:6      | Reached skill level 5 in Dodging
  4753 | D:6      | Reached XP level 8. HP: 78/78 MP: 7/7
  5357 | D:6      | Noticed a manticore
  5359 | D:6      | Noticed a troll
  5364 | D:6      | Killed a manticore
  5365 | D:6      | Reached skill level 5 in Unarmed Combat
  5367 | D:6      | Killed a troll
  5368 | D:6      | Reached XP level 9. HP: 71/85 MP: 8/8
  5534 | D:7      | Found an iron altar of Okawaru.
  5649 | D:7      | Reached * piety under the Shining One
  5899 | D:7      | Reached skill level 5 in Fighting
  5930 | D:7      | Found a runed translucent door.
  5931 | D:7      | Noticed Crazy Yiuf
  5977 | D:7      | Found a blossoming altar of Fedhas.
  6341 | D:7      | Killed Crazy Yiuf
  6473 | D:8      | Reached skill level 6 in Unarmed Combat
  6559 | D:8      | Found a bloodstained altar of Trog.
  6721 | D:8      | Reached XP level 10. HP: 55/98 MP: 9/9
  6775 | D:8      | Reached skill level 7 in Unarmed Combat
  7411 | D:9      | Reached ** piety under the Shining One
  8082 | D:9      | Found a staircase to the Orcish Mines.
  8224 | D:10     | Entered Level 10 of the Dungeon
  8249 | D:10     | Found an opulent altar of Gozag.
  8252 | D:10     | Found an opulent altar of Gozag.
  8258 | D:10     | Found an opulent altar of Gozag.
  8339 | D:10     | Reached skill level 10 in Shields
  8486 | D:10     | Reached skill level 8 in Unarmed Combat
  8558 | D:10     | Found a staircase to the Lair.
  8642 | D:10     | Found a flagged portal.
  8651 | Bailey   | Entered a bailey
  8742 | Bailey   | Noticed an orc knight
  8754 | Bailey   | Killed an orc knight
  8755 | Bailey   | Reached XP level 11. HP: 80/109 MP: 7/10
  8851 | Bailey   | Found a large runed translucent door.
  8851 | Bailey   | Found a large runed translucent door.
  8852 | Bailey   | Noticed a deep elf zephyrmancer
  8902 | Bailey   | Killed a deep elf zephyrmancer
  8903 | Bailey   | Reached skill level 9 in Unarmed Combat
  8916 | Bailey   | Identified the +0 pair of boots of Zabuij {rCorr}
  8926 | Bailey   | Identified the quicksilver dragon scales of Boredom
                  | {Rampage *Corrode rF++ Will+ Regen+ Int-5}
  9298 | D:10     | Found an opulent altar of Gozag.
  9355 | D:10     | Found Dufoips's Antique Weapon Shoppe.
  9362 | D:10     | Bought a faintly glowing mace for 264 gold pieces
  9362 | D:10     | Identified the +1 mace "Borhin" {protect, rN+++ Str-5 SInv
                  | Stlth-} (You bought it in a shop on level 10 of the
                  | Dungeon)
  9542 | Lair:1   | Entered Level 1 of the Lair of Beasts
  9835 | Lair:1   | Noticed a death yak
  9835 | Lair:1   | Noticed a death yak
  9876 | Lair:1   | Noticed a death yak
  9876 | Lair:1   | Noticed a death yak
  9916 | Lair:1   | Killed a death yak
  9922 | Lair:1   | Killed a death yak
  9923 | Lair:1   | Reached skill level 10 in Unarmed Combat
 10012 | Lair:1   | Killed a death yak
 10013 | Lair:1   | Reached skill level 1 in Translocations
 10013 | Lair:1   | Reached skill level 1 in Invocations
 10021 | Lair:1   | Killed a death yak
 10022 | Lair:1   | Reached skill level 1 in Spellcasting
 10935 | Lair:2   | Found a staircase to the Swamp.
 11308 | Lair:2   | Noticed a seven-headed hydra
 11322 | Lair:2   | Noticed a five-headed hydra
 11334 | Lair:2   | Reached XP level 12. HP: 64/122 MP: 9/13
 11336 | Lair:2   | Killed a seven-headed hydra
 11480 | Lair:2   | Killed a five-headed hydra
 11738 | Lair:2   | Found a hole to the Spider Nest.
 11913 | Lair:3   | Found a shadowy altar of Dithmenos.
 12281 | Lair:3   | Noticed a five-headed hydra
 12290 | Lair:3   | Killed a five-headed hydra
 12291 | Lair:3   | Reached skill level 5 in Invocations
 12451 | Lair:3   | Noticed a five-headed hydra
 12466 | Lair:3   | Killed a five-headed hydra
 13057 | Lair:4   | Reached skill level 11 in Unarmed Combat
 13232 | Lair:4   | Noticed a death yak
 13232 | Lair:4   | Noticed a death yak
 13263 | Lair:4   | Killed a death yak
 13264 | Lair:4   | Reached XP level 13. HP: 131/131 MP: 17/17
 13354 | Lair:4   | Reached skill level 5 in Translocations
 14026 | Lair:4   | Noticed Kirke
 14191 | Lair:4   | Killed Kirke
 14397 | Lair:5   | Entered Level 5 of the Lair of Beasts
 14476 | Lair:5   | Identified a scroll of acquirement
 14477 | Lair:5   | Acquired 625 gold pieces
 14508 | Lair:5   | Found a viscous altar of Jiyva.
 14632 | Lair:5   | Identified the +0 sling "Nehyfura" {heavy, Fly rElec Will++
                  | Int-3}
 15370 | Lair:5   | Reached skill level 5 in Spellcasting
 15482 | Lair:5   | Learned a level 4 spell: Summon Lightning Spire
 15836 | Lair:4   | Reached skill level 10 in Fighting
 16299 | Orc:1    | Entered Level 1 of the Orcish Mines
 16329 | Orc:1    | Noticed an orc warlord
 16380 | D:9      | Killed an orc warlord
 16399 | D:9      | Reached XP level 14. HP: 137/143 MP: 21/21
 16611 | Orc:1    | Reached skill level 1 in Armour
 16868 | Orc:1    | Found Retom's Magic Scroll Shoppe.
 16878 | Orc:1    | Bought a scroll of identify for 32 gold pieces
 16878 | Orc:1    | Bought a scroll of fear for 64 gold pieces
 16878 | Orc:1    | Bought a scroll of teleportation for 48 gold pieces
 16878 | Orc:1    | Bought a scroll of blinking for 120 gold pieces
 16878 | Orc:1    | Bought a scroll of identify for 32 gold pieces
 16878 | Orc:1    | Bought a scroll of identify for 32 gold pieces
 16878 | Orc:1    | Bought a scroll of teleportation for 48 gold pieces
 16999 | Orc:2    | Entered Level 2 of the Orcish Mines
 17009 | Orc:2    | Found a staircase to the Elven Halls.
 17100 | Orc:2    | Reached *** piety under the Shining One
 18433 | Orc:2    | Found Xangu's Weapon Shop.
 18433 | Orc:2    | Found Exer's Armour Shoppe.
 18663 | Orc:2    | Reached skill level 12 in Unarmed Combat
 18704 | Orc:2    | Found Muinov's Assorted Antiques.
 18704 | Orc:2    | Found Cipre's Distillery.
 18714 | Orc:2    | Bought a potion of haste for 140 gold pieces
 18714 | Orc:2    | Bought a potion of curing for 42 gold pieces
 18714 | Orc:2    | Bought a potion of heal wounds for 70 gold pieces
 18714 | Orc:2    | Bought a potion of invisibility for 112 gold pieces
 18714 | Orc:2    | Bought a potion of curing for 42 gold pieces
 18720 | Orc:2    | Bought a scroll of identify for 40 gold pieces
 18720 | Orc:2    | Bought a scroll of identify for 40 gold pieces
 18720 | Orc:2    | Bought a scroll of identify for 40 gold pieces
 18720 | Orc:2    | Bought a potion of curing for 60 gold pieces
 18887 | D:11     | Reached **** piety under the Shining One
 19726 | D:12     | Noticed Nessos
 19735 | D:12     | Killed Nessos
 20216 | D:12     | Noticed Sonja
 20236 | D:12     | Killed Sonja
 20436 | D:13     | Found Toosyqo's Weapon Emporium.
 20456 | D:13     | Found a gate leading to a gauntlet.
 20462 | Gauntlet | Entered a Gauntlet
 20462 | Gauntlet | Found a transporter.
 20472 | Gauntlet | Found a transporter.
 20483 | Gauntlet | Found a transporter.
 20486 | Gauntlet | Found a transporter.
 20497 | Gauntlet | Found a transporter.
 20498 | Gauntlet | Found the ring of the Octopus King
 20510 | Gauntlet | Found the +3 salamander hide armour {Flames, rFlCloud rF++
                  | rC--}
 20512 | Gauntlet | Found a transporter.
 20523 | Gauntlet | Found a transporter.
 20530 | Gauntlet | Noticed a quicksilver ooze
 20535 | Gauntlet | Found a transporter.
 20540 | Gauntlet | Found a transporter.
 20555 | Gauntlet | Found a transporter.
 20568 | Gauntlet | Found a transporter.
 20568 | Gauntlet | Found a transporter.
 20620 | Gauntlet | Found a transporter.
 20633 | Gauntlet | Found a transporter.
 21009 | Gauntlet | Reached XP level 15. HP: 150/150 MP: 22/22
 21024 | Gauntlet | Gained mutation: You occasionally lose the ability to read
                  | scrolls when taking damage. [a shining eye]
 21036 | Gauntlet | Lost mutation: You occasionally lose the ability to read
                  | scrolls when taking damage. [potion of mutation]
 21036 | Gauntlet | Gained mutation: You passively map a small area around you.
                  | [potion of mutation]
 21036 | Gauntlet | Gained mutation: Potions are less effective at restoring
                  | your health. [potion of mutation]
 21036 | Gauntlet | Gained mutation: You have a pair of small antennae on your
                  | head. [potion of mutation]
 21037 | Gauntlet | Lost mutation: Potions are less effective at restoring your
                  | health. [potion of mutation]
 21037 | Gauntlet | Lost mutation: You have a pair of small antennae on your
                  | head. [potion of mutation]
 21037 | Gauntlet | Lost mutation: You passively map a small area around you.
                  | [potion of mutation]
 21037 | Gauntlet | Gained mutation: You have a pair of small horns on your
                  | head. [potion of mutation]
 21037 | Gauntlet | Gained mutation: A frigid envelope surrounds you and
                  | freezes all who hurt you. [potion of mutation]
 21064 | Gauntlet | Identified a ring of the Octopus King {HP+2 MP+9 AC+2 EV+2
                  | SH+2}
 21099 | Gauntlet | Identified the amulet "Boskutey" {RegenMP rF+ rC- Int+2
                  | Dex+3}
 21273 | D:13     | Reached ***** piety under the Shining One
 21670 | D:14     | Noticed Azrael
 21684 | D:14     | Killed Azrael
 22002 | D:14     | Found a gate to the Vaults.
 22133 | D:14     | Reached XP level 16. HP: 161/161 MP: 23/23
 22234 | D:14     | Reached skill level 1 in Throwing
 22918 | Spider:1 | Entered Level 1 of the Spider Nest
 22924 | Spider:1 | Reached ****** piety under the Shining One
 23304 | Spider:1 | Reached skill level 10 in Invocations
 24223 | Spider:2 | Reached skill level 5 in Throwing
 24242 | Spider:2 | Reached skill level 13 in Unarmed Combat
 24339 | Spider:2 | Identified the +3 mace of Sudden Death {elec, Will+++ Str+2
                  | Int-4 SInv}
 25168 | Spider:3 | Noticed Arachne
 25176 | Spider:3 | Noticed Louise
 25177 | Spider:3 | Noticed Aizul
 25181 | Spider:3 | Killed Arachne
 25193 | Spider:3 | Killed Aizul
 25194 | Spider:3 | Reached skill level 1 in Summonings
 25194 | Spider:3 | Reached skill level 1 in Air Magic
 25212 | Spider:3 | Killed Louise
 25425 | Spider:3 | Identified Roxanne's Octavo of the Plateau
 25425 | Spider:3 | Noticed Roxanne
 25659 | Spider:3 | Killed Roxanne
 25660 | Spider:3 | Reached XP level 17. HP: 91/170 MP: 18/24
 25811 | Spider:4 | Entered Level 4 of the Spider Nest
 27651 | Spider:4 | Got a gossamer rune of Zot
 27800 | Swamp:1  | Entered Level 1 of the Swamp
 28153 | Swamp:1  | Reached skill level 14 in Unarmed Combat
 28153 | Swamp:1  | Acquired a manual of Conjurations
 28219 | Swamp:1  | Found a transporter.
 28224 | Swamp:1  | Noticed Jingleheimer's ghost (adept OpTm)
 28260 | Swamp:1  | Found a transporter.
 29125 | Swamp:2  | Found an iron altar of Okawaru.
 29651 | Swamp:3  | Reached XP level 18. HP: 182/182 MP: 25/25
 30025 | Swamp:3  | Noticed a tentacled monstrosity
 30032 | Swamp:3  | Killed a tentacled monstrosity
 30218 | Swamp:3  | Noticed a tentacled monstrosity
 30227 | Swamp:3  | Killed a tentacled monstrosity
 30359 | Swamp:4  | Entered Level 4 of the Swamp
 30364 | Swamp:4  | Noticed Mara
 30536 | Swamp:4  | Noticed Destinykillz's illusion
 30973 | Swamp:4  | Noticed Donald
 30984 | Swamp:4  | Noticed Destinykillz's illusion
 30993 | Swamp:3  | Killed Donald
 31048 | Swamp:4  | Noticed Destinykillz's illusion
 31205 | Swamp:4  | Reached skill level 10 in Throwing
 31240 | Swamp:4  | Killed Mara
 31609 | Swamp:4  | Noticed a bone dragon
 31615 | Swamp:4  | Killed a bone dragon
 31629 | Swamp:4  | Got a decaying rune of Zot
 31969 | D:15     | Entered Level 15 of the Dungeon
 31970 | D:15     | Found a staircase to the Depths.
 31992 | D:14     | Reached skill level 5 in Summonings
 32784 | Depths:1 | Entered Level 1 of the Depths
 32784 | Depths:1 | Found a gateway to Hell.
 32787 | Depths:1 | Noticed a lich
 32790 | Depths:1 | Noticed the Enchantress
 32863 | Depths:1 | Found a stormy altar of Qazlal.
 32875 | Depths:1 | Found Wadiv's Assorted Antiques.
 32889 | Depths:1 | Found Jiaguno's Jewellery Shop.
 32928 | Depths:1 | Reached skill level 5 in Air Magic
 32998 | Depths:1 | Killed a lich
 33029 | Depths:1 | Found a flickering gateway to a bazaar.
 33038 | Bazaar   | Entered a bazaar
 33091 | Bazaar   | Found Weism's Distillery.
 33092 | Bazaar   | Found Bin Ogytyed's Weapon Shoppe.
 33102 | Bazaar   | Bought a potion of curing for 30 gold pieces
 33102 | Bazaar   | Bought 3 potions of heal wounds for 150 gold pieces
 33102 | Bazaar   | Bought 2 potions of mutation for 160 gold pieces
 33102 | Bazaar   | Bought a potion of heal wounds for 50 gold pieces
 33144 | Bazaar   | Found Warol's Jewellery Emporium.
 33145 | Bazaar   | Found Foig's Antique Armour Emporium.
 33227 | Depths:1 | Reached skill level 15 in Unarmed Combat
 33504 | D:15     | Reached XP level 19. HP: 127/192 MP: 26/26
 33629 | D:15     | Killed the Enchantress
 33914 | Depths:1 | Found Obydud's Jewellery Shoppe.
 34012 | Depths:1 | Bought a scroll of summoning for 323 gold pieces
 34012 | Depths:1 | Bought a scroll of enchant weapon for 255 gold pieces
 34168 | Depths:1 | Found Sorhewigh's General Store.
 34203 | Depths:1 | Bought a potion of curing for 63 gold pieces
 34203 | Depths:1 | Bought a potion of haste for 210 gold pieces
 34203 | Depths:1 | Bought a wand of digging (4) for 352 gold pieces
 34217 | Depths:1 | Found an ornate altar of the Wu Jian Council.
 34466 | Vaults:1 | Entered Level 1 of the Vaults
 34571 | Vaults:1 | HP: 3/195 [centaur warrior/arrow (10)]
 34572 | Vaults:1 | Shot with an arrow by a centaur warrior

Illustrated notes

Levels and vault maps discovered:
D:1:      scummos_arrival_gate, layout_basic, minmay_misc_feat_doors,
          lemuel_flame_loot_1
D:2:      layout_basic, basic_ecumenical_altar, basic_altar
D:3:      layout_basic
D:4:      layout_basic, nicolae_ashenzari_skybound
D:5:      layout_loops_ring, nicolae_overflow_hidden_temple,
          mainiacjoe_overflow_six_doors_small, serial_shops, shop,
          kennysheep_generic_room_5
D:6:      layout_basic, minmay_temple_entry_grid, minivault_19,
          minmay_misc_feat_enclosed, minmay_small_thing
D:7:      layout_rooms, mainiacjoe_overflow_cross_hatched,
          nicolae_overflow_crystal_walls, uniq_crazy_yiuf_cottage
D:8:      layout_loops_ring, mainiacjoe_overflow_surrounded_room
D:9:      layout_irregular_city, hiddenorc1_lemuel
D:10:     layout_irregular_city, nicolae_gozag_conspicuous_consumption,
          david_lair_generic, serial_shops, shop, enter_bailey_8,
          minmay_misc_feat_encased
D:11:     layout_grid_maze, serial_glass, glass_columns_c, glass_columns_c,
          glass_columns_b, glass_columns_a, glass_columns_a, glass_columns_a,
          glass_columns_b, glass_columns_b, glass_columns_a, glass_columns_b,
          glass_columns_b, glass_columns_a, glass_columns_a, glass_columns_a,
          minmay_crystal_water
D:12:     layout_loops_ring, uniq_sonja, uniq_nessos
D:13:     layout_small_grid, serial_shops, nicolae_shop_bloodbath_and_beyond,
          gauntlet_entry_generic
D:14:     layout_layer_cave, skrybe_vaults_entry_preservation, serial_undead,
          serial_undead_c, serial_undead_b, serial_undead_d, serial_undead_a,
          nicolae_elevator_lobby_asterisk, uniq_azrael
D:15:     gammafunk_depths_entry_grave, layout_irregular_city
Temple:   hellmonk_temple_two_chambers
Lair:1:   layout_layer_cave
Lair:2:   layout_gridlike, swamp_mist, spider_nest_entry_a
Lair:3:   layout_roguey, lemuel_oklob_altar
Lair:4:   layout_cave_pods, uniq_kirke
Lair:5:   hangedman_lair_tendril_chambers, layout_concentric_octagons,
          minmay_slime_entry_oklob_enclosed, serial_bayou_shore_a
Swamp:1:  layout_basic_swamp, gammafunk_ghost_berserking_beasts,
          nicolae_swamp_some_circles, nicolae_swamp_bunyip_nook
Swamp:2:  layout_basic_swamp, lemuel_altar_in_water
Swamp:3:  layout_basic_swamp, hangedman_swamp_ruin_wall
Swamp:4:  swamp_pestilence, layout_basic_swamp, swamp_pool3, uniq_mara,
          uniq_donald
Spider:1: layout_spider_delve
Spider:2: nicolae_spider_hilbert_zone_4 [nicolae_spider_hilbert_4_sides_2_open,
          nicolae_spider_hilbert_4_sides_1_open,
          nicolae_spider_hilbert_4_sides_1_open,
          nicolae_spider_hilbert_4_sides_1_open,
          nicolae_spider_hilbert_4_sides_1_open,
          nicolae_spider_hilbert_2_sides_1_open,
          nicolae_spider_hilbert_2_sides_1_open,
          nicolae_spider_hilbert_2_sides_1_open,
          nicolae_spider_hilbert_2_sides_1_open,
          nicolae_spider_hilbert_6_sides_1_open,
          nicolae_spider_hilbert_6_sides_1_open,
          nicolae_spider_hilbert_3_sides_1_open,
          nicolae_spider_hilbert_3_sides_1_open], hellmonk_spider_spawner
Spider:3: layout_spider_delve, uniq_louise, uniq_roxanne, uniq_arachne,
          uniq_aizul
Spider:4: spider_rune_water
Orc:1:    layout_diamond_mine, serial_shops, shop, nicolae_orc_lava_room
Orc:2:    grunt_orc_tribal_feast, layout_diamond_mine
Vaults:1: ontoclasm_vaults_ring_small, nicolae_vaults_closet_pinwheel_1,
          nicolae_vaults_tetromino_T_1, nicolae_vaults_murderbox,
          nicolae_vaults_trapezoid_3, nicolae_vaults_network_s,
          nicolae_vaults_oval_intersection, nicolae_vaults_storage_room_glass,
          hangedman_vaults_snaps, vaults_room_stairs_pillars,
          nicolae_vaults_doubleplus_tesselated, ontoclasm_vaults_ring_large,
          nicolae_vaults_sesquioval_fish, nicolae_vaults_storage_room_doors,
          hangedman_vaults_river_flow, layout_vaults_omnibox
Depths:1: layout_big_octagon, serial_shops, bzr_entry_islet, shop,
          nicolae_square_shop, shop, nicolae_shop_hallway_plus,
          nzn_wu_jian_contemplation, hell_entry,
          nicolae_qazlal_style_of_elements, uniq_enchantress
Depths:2: nicolae_legendary_halls, layout_gridlike, rand_demon_pan_entry_4,
          hell_entry, hangedman_decor_peaks_small, minmay_metal_thing

Skill      XL: |  1  2  3  4  5  6  7  8  9 10 11 12 13 14 15 16 17 18 19 |
---------------+----------------------------------------------------------+-----
Shields        | 3 4 5 7 9 10 12 | 12.5
Dodging        | 3 4 5 6 |  6.0
Fighting       | 3 4 5 7 8 9 10 11 12 13 | 13.0
Unarmed Combat | 3 4 5 6 8 10 11 12 13 14 15 | 15.2
Translocations | 2 4 6 7 9 |  9.0
Invocations    | 2 5 7 9 10 | 10.0
Spellcasting   | 1 3 5 |  5.3
Armour         | 6 7 |  7.0
Throwing       | 6 9 10 | 10.0
Summonings     | 1 4 5 6 |  6.0
Air Magic      | 1 3 5 |  5.6

Action                     |  1- 3 |  4- 6 |  7- 9 | 10-12 | 13-15 | 16-18 | 19-21 || total
---------------------------+-------+-------+-------+-------+-------+-------+-------++-------
  Melee: Unarmed           |   119 |   132 |   251 |   598 |   899 |  1292 |   127 ||  3418
         Trident           |       |       |       |    42 |    49 |    43 |       ||   134
         Headbutt          |       |       |       |       |    44 |   459 |    38 ||   541
         Staff             |       |       |       |       |       |    74 |       ||    74
   Fire: Sling             |       |       |       |       |     2 |       |       ||     2
  Throw: Dart              |     5 |     4 |    15 |     1 |    15 |       |       ||    40
         Large rock        |       |       |       |       |     3 |     8 |       ||    11
 Invoke: Divine Shield     |       |       |       |    12 |     4 |    24 |     1 ||    41
         Summon Divine War |       |       |       |       |       |    19 |       ||    19
         Cleansing Flame   |       |       |       |       |       |     7 |       ||     7
  Evoke: Wand              |       |     3 |     2 |     6 |    10 |     3 |       ||    24
    Use: Scroll            |       |     4 |     9 |    12 |    19 |    17 |     4 ||    65
         Potion            |       |     3 |     3 |     4 |     9 |    25 |     7 ||    51
   Stab: Sleeping          |     2 |       |       |       |       |       |       ||     2
 Armour: Robe              |    36 |    40 |    50 |    10 |       |       |       ||   136
         Acid dragon scale |       |       |       |    38 |       |       |       ||    38
         Quicksilver drago |       |       |       |   100 |   366 |   510 |    29 ||  1005
  Dodge: Dodged            |    38 |    46 |    90 |   194 |   315 |   458 |    46 ||  1187
  Block: Kite shield       |    55 |    53 |   115 |   499 |   908 |  1491 |   148 ||  3269
         Reflection        |       |       |       |       |    46 |    23 |    14 ||    83
